 Dungeon Crawl Stone Soup version 0.18.1-48-g4cf74bf (webtiles) character file.

86 Aquadorian the Digger (level 4, -2/24 HPs)
             Began as a Gargoyle Earth Elementalist on July 2, 2016.
             Killed from afar by Ijyb (7 damage)
             ... with a wand of lightning
             ... on level 2 of the Dungeon.
             The game lasted 00:15:28 (2068 turns).

Aquadorian the Digger (Gargoyle Earth Elementalist) Turns: 2068, Time: 00:15:28

Health: -2/24      AC:  9    Str: 11    XL:     4   Next: 49%
Magic:  7/7        EV: 11    Int: 17    God:
Gold:   109        SH:  3    Dex: 10    Spells: 2 memorised, 4 levels left

rFire  . . .     SeeInvis .     e - +4 dagger
rCold  . . .     Gourm    .     a - +0 robe
rNeg   + . .     Faith    .     k - +0 buckler
rPois  ∞         Spirit   .     n - +0 helmet
rElec  +         Dismiss  .     m - +2 cloak
rCorr  .         Reflect  .     (no gloves)
SustAt .         Harm     .     (no boots)
MR     +....                    (no amulet)
Stlth  ++........               (no ring)
                                s - ring of protection from magic

@: somewhat resistant to hostile enchantments, unstealthy
A: negative energy resistance 1, electricity resistance, unbreathing,
petrification resistance, rot immunity, AC +3
a: no special abilities


You were on level 2 of the Dungeon.
You were not hungry.

You visited 1 branch of the dungeon, and saw 2 of its levels.

You collected 109 gold pieces.

Inventory:

Hand Weapons
 e - a +4 dagger (weapon)
Missiles
 b - 126 stones (quivered)
Armour
 a - a +0 robe (worn)
 k - a +0 buckler (worn)
 m - a +2 cloak (worn)
 n - a +0 helmet (worn)
Jewellery
 s - a ring of protection from magic (left hand)
Scrolls
 g - a scroll of recharging
 l - a scroll of teleportation
 o - 2 scrolls of identify
 q - a scroll of enchant armour {unknown}
Potions
 f - a potion of magic {unknown}
 h - a potion of curing {unknown}
 i - 2 potions of brilliance
 r - a potion of berserk rage {unknown}
Books
 c - a book of Geomancy

   Spells                             Type                      Level
   a - Sandblast                      Earth                        1
   b - Passwall                       Transmutation/Earth          2
   c - Stone Arrow                    Conjuration/Earth            3
   d - Petrify                        Transmutation/Earth          4
   e - Lee's Rapid Deconstruction     Earth                        5
Comestibles
 d - 3 bread rations
 j - a slice of pizza
 t - a chunk of flesh
 u - a beef jerky


   Skills:
 * Level 2.4 Short Blades
 - Level 1.5 Dodging
 + Level 3.1 Stealth
 - Level 2.5 Spellcasting
   Level 0.7 Transmutations
 - Level 3.9 Earth Magic


You had 4 spell levels left.
You knew the following spells:

 Your Spells              Type           Power        Failure   Level  Hunger
a - Sandblast             Erth           ###...       8%          1    #......
b - Stone Arrow           Conj/Erth      #.....       41%         3    ###....


Dungeon Overview and Level Annotations

Branches:
Dungeon (2/15)

Altars:
Elyvilon

Annotations:
D:2 Ijyb


Innate Abilities, Weirdness & Mutations

You are resistant to torment.
Your stone body is resilient (AC +3).
You are immune to poison.
You resist negative energy.
You are resistant to electric shocks.
You can survive without breathing.
You are immune to petrification.
You are immune to rotting.


Message History

Ijyb hits you but does no damage.
You closely miss Ijyb.
Ijyb is moderately wounded.
You barely miss Ijyb.
Ijyb is moderately wounded.
Ijyb hits you but does no damage.
You closely miss Ijyb.
Ijyb is moderately wounded.
Ijyb closely misses you.
You hit Ijyb but do no damage.
Ijyb is moderately wounded.
Ijyb barely misses you.
You hit Ijyb but do no damage.
Ijyb is moderately wounded.
Ijyb hits you with an enchanted club.
* * * LOW HITPOINT WARNING * * *
You hit Ijyb but do no damage.
Ijyb is moderately wounded.
Ijyb zaps a wand.
The bolt of lightning hits you! You resist.
You die...

#########.....# #.......##
≈≈≈≈≈≈≈≈≈≈≈≈### #.......#
≈≈≈≈≈≈≈≈≈≈≈≈≈## #.[.....#
*#.........≈≈≈##########.......#
,#..........≈≈##...............#
,#...#####..≈≈##.###########.####
,#####...#..≈≈##.# #.....
+##..'...').≈≈≈#.# ######
..#..#...#..≈≈≈#@# #<#
..#..#########≈≈g# #.#
..#..........#≈≈g# #.###
..#..........'...# #....
.S#........).'...# #####
..#..........'...#
).#..........#≈≈##
'##..#########≈≈#
.....#...#..≈≈≈##


You could see Ijyb and a goblin.

Vanquished Creatures
  3 adders (D:2)
  2 worms (D:2)
  2 dart slugs (D:1)
  A giant cockroach (D:2)
  13 goblins
  6 hobgoblins
  3 jackals (D:2)
  7 bats
  A giant newt (D:1)
  3 kobolds (D:1)
  4 rats
45 creatures vanquished.

Vanquished Creatures (others)
  A goblin (D:2)
1 creature vanquished.

Grand Total: 46 creatures vanquished

Notes
Turn   | Place    | Note
--------------------------------------------------------------
     0 | D:1      | Aquadorian the Gargoyle Earth Elementalist began the quest for the Orb.
     0 | D:1      | Reached XP level 1. HP: 10/10 MP: 3/3
   170 | D:1      | Reached XP level 2. HP: 15/15 MP: 5/5
   994 | D:1      | Reached skill level 1 in Short Blades
  1000 | D:1      | Reached XP level 3. HP: 19/19 MP: 6/6
  1400 | D:2      | Found a white marble altar of Elyvilon.
  1598 | D:2      | Reached XP level 4. HP: 15/24 MP: 7/7
  1604 | D:2      | Learned a level 3 spell: Stone Arrow
  2028 | D:2      | Noticed Ijyb
  2068 | D:2      | Killed from afar by Ijyb

Skill      XL: |  1  2  3  4 |
---------------+-------------+-----
Short Blades   | 1 2 |  2.4
Stealth        | 3 |  3.1
Dodging        | |  1.5
Spellcasting   | |  2.5
Transmutations | |  0.7
Earth Magic    | |  3.9

Action                   |  1- 3 |  4- 6 || total
-------------------------+-------+-------++-------
Melee: Dagger            |    92 |    57 ||   149
 Cast: Sandblast         |     7 |       ||     7
  Use: Scroll            |       |     5 ||     5
 Stab: Sleeping          |     2 |     2 ||     4
  Eat: Chunk             |     2 |     2 ||     4
Armor: Robe              |    37 |    10 ||    47
       Leather armour    |       |     3 ||     3
Dodge: Dodged            |    61 |    32 ||    93
Block: Buckler           |       |     9 ||     9
